 Dungeon Crawl Stone Soup version 0.16-a0-1029-gdfc7942 (webtiles) character file.

1447 Qrupt the Covert (level 8, 0/39 HPs)
             Began as a Spriggan Abyssal Knight on Oct 4, 2014.
             Was an Elder of Lugonu.
             Succumbed to a scorpion's poison
             ... in an ossuary.
             The game lasted 00:21:21 (7478 turns).

Qrupt the Covert (Spriggan Abyssal Knight)          Turns: 7478, Time: 00:21:21

HP   0/39        AC  4     Str 15      XL: 8   Next: 46%
MP  18/18        EV 28     Int 14      God: Lugonu [****..]
Gold 146         SH  0     Dex 21      Spells:  0 memorised,  7 levels left

rFire  + . .     SeeInvis +     a - +4 short sword (curse)
rCold  + . .     Clarity  .     h - +0 robe (curse)
rNeg   . . .     rCorr    +     (shield restricted)
rPois  +         rRot     .     (helmet restricted)
rElec  +         Spirit   .     g - +1 cloak (curse)
SustAb .         Warding  .     (gloves unavailable)
rMut   .         Stasis   .     (boots unavailable)
Gourm  .                        (no amulet)
MR     +....                    (no ring)
                                e - cursed +6 ring of strength

@: confused, agile, lethally poisoned, resistant, very quick, somewhat resistant
to hostile enchantments, fairly stealthy
A: unfitting armour, see invisible, herbivore 3, speed 3, slow metabolism 2
a: Depart the Abyss, Bend Space, Banish, Corrupt, Renounce Religion


You were in an ossuary.
You worshipped Lugonu.
Lugonu was greatly pleased with you.
You were not hungry.

You visited 1 branch of the dungeon, and saw 6 of its levels.
You visited the Abyss 1 time.
You also visited: Ossuary.

You collected 284 gold pieces.
You spent 138 gold pieces at shops.

Inventory:

Hand weapons
 a - a cursed +4 short sword (weapon)
Armour
 g - a cursed +1 cloak (worn)
 h - a cursed +0 robe (worn)
Magical devices
 b - a wand of confusion (13)
 q - a wand of lightning (7) {unknown}
Comestibles
 l - a royal jelly
Scrolls
 d - a scroll of noise
 f - 2 scrolls of remove curse
 j - 4 scrolls of identify
 o - a scroll of silence {unknown}
 r - a scroll of fog
 s - a scroll of recharging {unknown}
 v - a scroll of acquirement {unknown}
Jewellery
 e - a cursed +6 ring of strength (left hand)
Potions
 c - a potion of porridge
 k - 2 potions of confusion
 m - 2 potions of brilliance
 p - 2 potions of mutation
 t - a potion of haste
 u - a potion of invisibility
 x - a potion of experience {unknown}
 z - a potion of cure mutation {unknown}
 A - a potion of restore abilities {unknown}
Magical staves
 n - a cursed staff of power


   Skills:
 - Level 2.4 Fighting
 + Level 8.2 Short Blades
 - Level 0.6 Armour
 - Level 6.1 Dodging
 - Level 10.2 Stealth
 - Level 1.7 Invocations


You had 7 spell levels left.
You didn't know any spells.

Dungeon Overview and Level Annotations

Branches:
Dungeon (6/15)
 Temple: D:4-7

Altars:
Cheibriados
Fedhas
Nemelex Xobeh
Okawaru
Qazlal
The Shining One

Shops:
D:4 =[=[


Innate Abilities, Weirdness & Mutations

You are tiny and cannot use many weapons and most armour.
You have supernaturally acute eyesight.
You are a herbivore.
You cover ground extremely quickly.
You need consume almost no food.


Message History

You feel sick.
* * * LOW HITPOINT WARNING * * *
You feel sick.
* * * LOW HITPOINT WARNING * * *
You feel sick.
Drink which item? (? for menu, Esc to quit)
You feel protected.
* * * LOW HITPOINT WARNING * * *
You feel sick.
* * * LOW HITPOINT WARNING * * *
You feel sick.
Drink which item? (? for menu, Esc to quit)
You are confused.
It was a potion of confusion.
* * * LOW HITPOINT WARNING * * *
You feel sick.
Drink which item? (? for menu, Esc to quit)
You feel agile all of a sudden.
It was a potion of agility.
You die...

.......#...#...#...#
....8###...#...8...#
.......#...#.......#
.......##'###8...8##
.8.....#..^#.......#
.#.....#...'...8...#
.#.....#...#...#...#
#####'###########'##
...#...#...#...#@^.#
...#..^'...8...#s^.#
...#^..#.......#.^^#
#########8...8##...#
...#...#.......#...#
...8...#...8...#.^.#
.......#...#...#...#
#8...8###'#######'##
.......#...#=??#...


You could see a scorpion.

Vanquished Creatures
  Edmund (D:4)
  Menkaure (D:4)
  An ice beast (D:5)
  A sky beast (D:5)
  Sigmund (D:4)
  6 scorpions
  A human zombie (Ossuary)
  A jelly (D:6)
  An orc priest (D:4)
  A giant frog skeleton (D:5)
  6 centaur zombies (Ossuary)
  2 orc wizards
  4 worker ants
  A big kobold zombie (Ossuary)
  3 mummies (Ossuary)
  4 adders
  3 scorpion zombies
  A giant mite (D:1)
  3 worms
  An ooze (D:5)
  9 orcs
  A gnoll zombie (Ossuary)
  10 goblins
  11 hobgoblins
  2 quokkas
  2 ball pythons
  10 bats
  7 giant cockroaches
  A giant newt (D:1)
  2 goblin zombies (Ossuary)
  2 hobgoblin zombies (Ossuary)
  2 jackals (D:1)
  11 kobolds
  A kobold zombie (Ossuary)
  6 orc zombies
  11 rats
131 creatures vanquished.

Vanquished Creatures (others)
  A scorpion (Ossuary)
1 creature vanquished.

Grand Total: 132 creatures vanquished

Notes
Turn   | Place    | Note
--------------------------------------------------------------
     0 | Abyss:1  | Qrupt, the Spriggan Abyssal Knight, began the quest for the Orb.
     0 | Abyss:1  | Reached XP level 1. HP: 11/11 MP: 2/2
    10 | D:1      | Escaped the Abyss
   664 | D:1      | Reached XP level 2. HP: 14/16 MP: 4/4
  1253 | D:2      | Found a stormy altar of Qazlal.
  1274 | D:2      | Reached XP level 3. HP: 19/19 MP: 6/6
  1343 | D:2      | Reached skill level 4 in Short Blades
  1379 | D:2      | Found an iron altar of Okawaru.
  1392 | D:2      | Reached skill level 1 in Stealth
  1664 | D:2      | Acquired Lugonu's second power
  1793 | D:2      | Found a blossoming altar of Fedhas.
  1793 | D:2      | Found a sparkling altar of Nemelex Xobeh.
  1794 | D:2      | Found a stormy altar of Qazlal.
  2559 | D:3      | Reached XP level 4. HP: 20/23 MP: 9/9
  2754 | D:3      | Noticed a scorpion
  3226 | D:3      | Killed a scorpion
  3226 | D:3      | Reached skill level 6 in Stealth
  3226 | D:3      | Reached XP level 5. HP: 22/27 MP: 11/11
  3461 | D:4      | Acquired Lugonu's third power
  3478 | D:4      | Found Iracel's Armour Shop.
  3487 | D:4      | Reached skill level 7 in Stealth
  3488 | D:4      | Bought a +1 cloak for 138 gold pieces
  3530 | D:4      | Found a glowing golden altar of the Shining One.
  3606 | D:4      | Found Ceul's Armour Shop.
  3682 | D:4      | Noticed Menkaure
  3687 | D:4      | Killed Menkaure
  3687 | D:4      | Reached skill level 8 in Stealth
  3687 | D:4      | Reached XP level 6. HP: 32/32 MP: 13/13
  3688 | D:4      | Found Geumiaf's Jewellery Shoppe.
  3688 | D:4      | Noticed Edmund
  3765 | D:4      | Found Tranubb's Jewellery Shoppe.
  4080 | D:4      | Killed Edmund
  4080 | D:4      | Reached skill level 5 in Dodging
  4552 | D:4      | Reached XP level 7. HP: 20/35 MP: 15/15
  4725 | D:4      | Noticed Sigmund
  4928 | D:4      | Killed Sigmund
  5271 | D:4      | Reached skill level 5 in Short Blades
  5313 | D:5      | Entered Level 5 of the Dungeon
  6044 | D:5      | Found a snail-covered altar of Cheibriados.
  6294 | D:5      | Reached skill level 9 in Stealth
  6537 | D:6      | Acquired Lugonu's fourth power
  6537 | D:6      | Reached skill level 10 in Stealth
  6568 | D:6      | Found a sand-covered staircase.
  6588 | Ossuary  | Entered an ossuary
  6682 | Ossuary  | Reached XP level 8. HP: 30/39 MP: 18/18
  7478 | Ossuary  | Succumbed to a scorpion's poison

Action                   |  1- 3 |  4- 6 |  7- 9 || total
-------------------------+-------+-------+-------++-------
Melee: Short sword       |   160 |   144 |   239 ||   543
Invok: Bend Space        |       |     1 |       ||     1
Evoke: Wand              |       |       |     2 ||     2
  Use: Potion            |     1 |     6 |     4 ||    11
       Scroll            |       |    11 |     3 ||    14
 Stab: Sleeping          |     3 |     4 |    22 ||    29
       Distracted        |       |     1 |       ||     1
  Eat: Bread ration      |       |       |     1 ||     1
